 Dungeon Crawl Stone Soup version 0.26-a0-639-g72c4674329 (webtiles) character file.

Game seed: 5591235164614620999

22776 Cheshire the Blocker (level 13, -1/103 HPs)
             Began as a Gnoll Fighter on Sept 26, 2020.
             Was a High Priest of the Shining One.
             Succumbed to a naga ritualist's toxic radiance
             ... on level 1 of the Snake Pit.
             The game lasted 01:20:53 (18832 turns).

Cheshire the Blocker (Gnoll Fighter)               Turns: 18832, Time: 01:20:54

Health: -1/103     AC: 18    Str: 23    XL:     13   Next: 2%
Magic:  1/24       EV: 17    Int: 17    God:    the Shining One [*****.]
Gold:   1861       SH:  8    Dex: 18    Spells: 27/27 levels left

rFire    . . .     SeeInvis .   M - +6 short sword
rCold    . . .     Faith    .   E - +1 buckler {rPois}
rNeg     + + .     Spirit   .   m - +0 chain mail
rPois    +         Reflect  .   K - +1 hat
rElec    .         Harm     .   w - +1 cloak
rCorr    +         Rampage  .   (no gloves)
MR       .....                  G - +2 pair of boots
Stlth    +.........             (no amulet)
HPRegen  0.27/turn              R - +4 ring of evasion
MPRegen  0.19/turn              T - ring of Temptation {rCorr Int+5 Dex+4}

@: lethally poisoned (-1 -> -29), glowing
A: distributed training, fangs 1, strong nose
a: Divine Shield, Cleansing Flame, Summon Divine Warrior, Renounce Religion


You were on level 1 of the Snake Pit.
You worshipped the Shining One.
The Shining One was extremely pleased with you.
You visited 4 branches of the dungeon, and saw 15 of its levels.

You collected 2157 gold pieces.
You spent 296 gold pieces at shops.

Inventory:

Hand Weapons
 a - a +0 long sword
 d - a +2 scythe of freezing
 l - the +12 quarterstaff "Giantbane" {vorpal, rElec rC++ MR+ Stlth+}
   (You found it on level 8 of the Dungeon)

   It inflicts extra damage upon your enemies.
   It greatly protects you from cold.
   It insulates you from electricity.
   It affects your resistance to hostile enchantments.
   It makes you more stealthy.
 B - a +3 dagger of freezing
 M - a +6 short sword (weapon)
Missiles
 A - 7 curare-tipped darts (quivered)
Armour
 e - a +3 tower shield
 g - a +2 robe of positive energy
 m - a +0 chain mail (worn)
 w - a +1 cloak (worn)
 E - a +1 buckler of poison resistance (worn)
 G - a +2 pair of boots (worn)
 K - a +1 hat (worn)
Jewellery
 o - a +4 ring of slaying
 p - an uncursed ring of wizardry
 v - an uncursed ring of magical power
 J - an uncursed ring of fire
 R - a +4 ring of evasion (left hand)
 T - the ring of Temptation (right hand) {rCorr Int+5 Dex+4}
   (You found it on level 3 of the Lair of Beasts)

   [ring of resist corrosion]

   It affects your intelligence (+5).
   It affects your dexterity (+4).
   It provides partial protection from all sources of acid and corrosion.
 V - a -4 ring of dexterity
Wands
 j - a wand of random effects (29)
 r - a wand of digging (2)
 D - a wand of enslavement (8)
 H - a wand of acid (26)
 I - a wand of iceblast (11)
 Q - a wand of flame (36)
Scrolls
 b - 2 scrolls of enchant weapon
 f - 4 scrolls of magic mapping
 h - 3 scrolls of fear
 i - 8 scrolls of teleportation
 k - 13 scrolls of identify
 n - 3 scrolls of remove curse
 q - 3 scrolls of enchant armour
 y - a scroll of fog
 O - a scroll of amnesia
Potions
 c - a potion of invisibility
 t - 2 potions of resistance
 u - a potion of flight {unknown}
 x - 4 potions of curing
 z - 5 potions of haste
 C - 3 potions of mutation
 L - a potion of lignification
 S - a potion of stabbing
 U - a potion of might
Miscellaneous
 P - a condenser vane (2/2)


   Skills:
 + Level 10.2 Fighting
 + Level 7.8 Short Blades
 + Level 9.1 Long Blades
 + Level 7.8 Axes
 + Level 7.8 Maces & Flails
 + Level 7.8 Polearms
 + Level 7.8 Staves
 + Level 7.8 Slings
 + Level 7.8 Bows
 + Level 7.8 Crossbows
 + Level 7.8 Throwing
 + Level 10.2 Armour
 + Level 7.8 Dodging
 + Level 7.8 Stealth
 + Level 10.2 Shields
 + Level 7.8 Unarmed Combat
 + Level 7.8 Spellcasting
 + Level 6.5 Conjurations
 + Level 6.5 Hexes
 + Level 6.5 Summonings
 + Level 6.5 Necromancy
 + Level 6.5 Translocations
 + Level 6.5 Transmutations
 + Level 6.5 Fire Magic
 + Level 6.5 Ice Magic
 + Level 6.5 Air Magic
 + Level 6.5 Earth Magic
 + Level 6.5 Poison Magic
 + Level 8.6 Invocations
 + Level 7.8 Evocations


You had 27 spell levels left.
You didn't know any spells.
Your spell library contained the following spells:

 Spells                   Type           Power        Failure   Level
 Animate Skeleton         Necr           ####..       4%          1
 Apportation              Tloc           ####..       4%          1
 Corona                   Hex            ####...      4%          1
 Shock                    Conj/Air       ####         4%          1
 Summon Small Mammal      Summ           ####         4%          1
 Swiftness                Air            ####....     6%          2
 Lesser Beckoning         Tloc           ####......   12%         3
 Static Discharge         Conj/Air       ####....     12%         3
 Tukima's Dance           Hex            ####....     12%         3
 Airstrike                Air            ####......   36%         4
 Alistair's Intoxication  Tmut/Pois      ####.....    73%         5
 Lightning Bolt           Conj/Air       ####......   73%         5
 Invisibility             Hex            ####....     99%         6


Dungeon Overview and Level Annotations

Branches:
Dungeon (9/15)             Temple (1/1) D:6            Lair (4/6) D:8
 Shoals (0/4) Lair:2        Snake (1/4) Lair:2          Orc (0/2) D:9

Altars:
Ashenzari
Cheibriados
Dithmenos
Elyvilon
Fedhas
Gozag
Hepliaklqana
Kikubaaqudgha
Makhleb
Nemelex Xobeh
Okawaru
Qazlal
Ru
Sif Muna
Trog
Uskayaw
Vehumet
Wu Jian
Xom
Yredelemnul
Zin
The Shining One

Shops:
D:5 [   D:8 !   D:9 [   Snake:1 *

Annotations:
Lair:2 exclusion: oklob plant
Snake:1 1 transporter, Ohiub's ghost, adept DsGl


Innate Abilities, Weirdness & Mutations

Your experience applies equally to all skills.
You have very sharp teeth.
Your uncanny sense of smell can sniff out nearby items.


Message History

The naga ritualist begins to radiate toxic energy.
* * * LOW HITPOINT WARNING * * *
The naga ritualist constricts you.
The anaconda bites you but does no damage.
The mana viper bites you.
* * * LOW HITPOINT WARNING * * *
The black mamba closely misses you.
Your daeva calls down the wrath of the Shining One upon the naga ritualist.
The naga ritualist is smitten.
The mana viper bites you but does no damage.
You escape the naga ritualist's grasp.
* * * LOW HITPOINT WARNING * * *
You feel very sick.
* * * LOW HITPOINT WARNING * * *
You are more poisoned.
You block the anaconda's attack. x2; The black mamba barely misses you.
Your daeva closely misses the mana viper. x2
Press: ? - help, Dir - move target cursor
As you read the scroll of blinking, it crumbles to dust.
You die...

#........#####.......#........
##..S.....# ...###.......
..##.SNSS....###..# #......#
.........§A....#...# ###....#
................... ####.#
.#####......>...##. ##...
#.NN###.......## ##.... ...y
##......# # #..... ... #
#.....@# #....####.... ###
#.##.....# #.....##.....
NNW#.....####........)...
...#©.....##.............
∆#...#.....................
#..##.....................
#..#......................
#......................
#..#..........)....#....


You could see an anaconda, a naga ritualist (toxic aura), 2 mana vipers, a black
mamba, a naga, Ohiub's ghost and a friendly daeva (summoned).

Vanquished Creatures
  Snorg (Lair:3)
  A hydra (Lair:3)
  A two-headed ogre (D:8)
  A salamander (Snake:1)
  6 elephants (Lair:2)
  Joseph (D:7)
  2 naga magi (Snake:1)
  5 black mambas
  A gargoyle (D:7)
  13 cane toads
  3 komodo dragons
  A snapping turtle (Lair:2)
  3 hippogriffs
  Sigmund (D:2)
  A spriggan (Lair:3)
  A wyvern (D:8)
  10 yaks
  2 basilisks (Lair:4)
  5 nagas
  9 water moccasins
  Duvessa (D:3)
  2 ice beasts
  6 porcupines
  3 sky beasts
  3 orc warriors
  2 phantoms
  A black bear (D:8)
  An eye of draining (D:6)
  12 wolves
  4 centaurs
  4 ogres
  6 crocodiles
  8 bullfrogs
  A gnoll sergeant (D:8)
  Dowan (D:3)
  2 scorpions (D:4)
  12 wights
  A howler monkey (D:4)
  3 hounds
  2 centaur zombies
  2 bullfrog zombies
  4 jellies
  Crazy Yiuf (D:3)
  3 orc priests
  7 orc wizards
  3 bullfrog skeletons
  A centaur skeleton (D:8)
  A gnoll shaman (D:9)
  Jessica (D:3)
  Natasha (twice) (D:4)
  3 iguanas
  5 worker ants
  A worker ant zombie (D:8)
  A howler monkey zombie (D:5)
  Robin (D:2)
  A howler monkey skeleton (D:4)
  12 gnolls
  7 adders
  A shadow imp (D:8)
  2 white imps
  3 ufetubi
  2 oozes
  An adder zombie (D:8)
  An adder skeleton (D:7)
  4 worms
  A dart slug (D:1)
  4 leopard geckos
  23 orcs
  7 giant cockroaches
  8 hobgoblins
  8 jackals
  2 quokkas
  2 ball pythons
  10 bats
  5 frilled lizards
  9 goblins
  4 kobolds
  A leopard gecko skeleton (D:7)
  A quokka skeleton (D:4)
  A rat (D:3)
299 creatures vanquished.

Vanquished Creatures (others)
  9 fungi
  32 plants
41 creatures vanquished.

Grand Total: 340 creatures vanquished

Notes
Turn   | Place    | Note
-------+----------+-------------------------------------------
     0 | D:1      | Cheshire the Gnoll Fighter began the quest for the Orb.
     0 | D:1      | Reached XP level 1. HP: 23/23 MP: 1/1
   114 | D:1      | Reached XP level 2. HP: 28/29 MP: 2/2
  1196 | D:2      | Reached XP level 3. HP: 35/35 MP: 3/3
  1445 | D:2      | Noticed Sigmund
  1891 | D:2      | Reached skill level 1 in Invocations
  2202 | D:2      | Killed Sigmund
  2202 | D:2      | Reached skill level 1 in Short Blades
  2202 | D:2      | Reached skill level 1 in Axes
  2202 | D:2      | Reached skill level 1 in Maces & Flails
  2202 | D:2      | Reached skill level 1 in Polearms
  2202 | D:2      | Reached skill level 1 in Staves
  2202 | D:2      | Reached skill level 1 in Slings
  2202 | D:2      | Reached skill level 1 in Bows
  2202 | D:2      | Reached skill level 1 in Crossbows
  2202 | D:2      | Reached skill level 1 in Throwing
  2202 | D:2      | Reached skill level 1 in Dodging
  2202 | D:2      | Reached skill level 1 in Stealth
  2202 | D:2      | Reached skill level 1 in Unarmed Combat
  2202 | D:2      | Reached skill level 1 in Spellcasting
  2202 | D:2      | Reached skill level 1 in Conjurations
  2202 | D:2      | Reached skill level 1 in Hexes
  2202 | D:2      | Reached skill level 1 in Summonings
  2202 | D:2      | Reached skill level 1 in Necromancy
  2202 | D:2      | Reached skill level 1 in Translocations
  2202 | D:2      | Reached skill level 1 in Transmutations
  2202 | D:2      | Reached skill level 1 in Fire Magic
  2202 | D:2      | Reached skill level 1 in Ice Magic
  2202 | D:2      | Reached skill level 1 in Air Magic
  2202 | D:2      | Reached skill level 1 in Earth Magic
  2202 | D:2      | Reached skill level 1 in Poison Magic
  2202 | D:2      | Reached skill level 1 in Evocations
  2202 | D:2      | Reached XP level 4. HP: 16/41 MP: 4/6
  2202 | D:2      | Reached XP level 5. HP: 19/47 MP: 4/7
  2437 | D:2      | Noticed Robin
  2468 | D:2      | Killed Robin
  2468 | D:2      | Reached XP level 6. HP: 52/53 MP: 8/8
  3072 | D:3      | Noticed Jessica
  3081 | D:3      | Killed Jessica
  3351 | D:3      | Found a runed translucent door.
  3352 | D:3      | Noticed Crazy Yiuf
  3363 | D:3      | Killed Crazy Yiuf
  3363 | D:3      | Reached skill level 5 in Long Blades
  3562 | D:3      | Noticed an ice beast
  3587 | D:3      | Killed an ice beast
  3818 | D:3      | Reached XP level 7. HP: 59/59 MP: 10/10
  4053 | D:3      | Found a faded altar of an unknown god.
  4053 | D:3      | Found a faded altar of an unknown god.
  4058 | D:3      | Found an iron altar of Okawaru.
  4063 | D:3      | Found a shadowy altar of Dithmenos.
  4065 | D:3      | Found a stormy altar of Qazlal.
  4313 | D:3      | Became a worshipper of the Shining One
  4313 | D:3      | Reached * piety under the Shining One
  4702 | D:4      | Noticed Duvessa
  4702 | D:4      | Noticed Dowan
  4749 | D:3      | Killed Duvessa
  4755 | D:3      | Killed Dowan
  5105 | D:4      | Found a glowing golden altar of the Shining One.
  5294 | D:4      | Reached XP level 8. HP: 67/67 MP: 12/12
  5857 | D:4      | Reached ** piety under the Shining One
  5857 | D:4      | Noticed Natasha
  5862 | D:4      | Killed Natasha
  6100 | D:4      | Noticed Natasha
  6118 | D:4      | Killed Natasha
  6181 | D:5      | Entered Level 5 of the Dungeon
  6756 | D:5      | Found Umikafif's Antique Armour Emporium.
  6810 | D:5      | Reached XP level 9. HP: 72/72 MP: 14/14
  7329 | D:6      | Found a staircase to the Ecumenical Temple.
  8833 | D:7      | Reached skill level 5 in Invocations
  8896 | D:7      | Noticed a gargoyle
  8915 | D:7      | Killed a gargoyle
  8998 | D:7      | Reached *** piety under the Shining One
  9057 | D:7      | Noticed Joseph
  9089 | D:7      | Killed Joseph
  9089 | D:7      | Reached XP level 10. HP: 71/80 MP: 17/17
  9093 | D:7      | Reached skill level 5 in Short Blades
  9093 | D:7      | Reached skill level 5 in Axes
  9093 | D:7      | Reached skill level 5 in Maces & Flails
  9093 | D:7      | Reached skill level 5 in Polearms
  9093 | D:7      | Reached skill level 5 in Staves
  9093 | D:7      | Reached skill level 5 in Slings
  9093 | D:7      | Reached skill level 5 in Bows
  9093 | D:7      | Reached skill level 5 in Crossbows
  9093 | D:7      | Reached skill level 5 in Throwing
  9093 | D:7      | Reached skill level 5 in Dodging
  9093 | D:7      | Reached skill level 5 in Stealth
  9093 | D:7      | Reached skill level 5 in Unarmed Combat
  9093 | D:7      | Reached skill level 5 in Spellcasting
  9093 | D:7      | Reached skill level 5 in Evocations
  9734 | D:8      | Found Piclegy's Distillery.
  9748 | D:8      | Found a staircase to the Lair.
  9765 | D:8      | Bought a potion of mutation for 80 gold pieces
 10035 | D:8      | Reached **** piety under the Shining One
 10129 | D:8      | Got a brightly glowing quarterstaff
 10135 | D:8      | Identified the +12 quarterstaff "Giantbane" {vorpal, rElec
                  | rC++ MR+ Stlth+} (You found it on level 8 of the Dungeon)
 10326 | D:8      | Noticed a two-headed ogre
 10331 | D:8      | Killed a two-headed ogre
 10631 | Temple   | Entered the Ecumenical Temple
 10878 | Lair:1   | Entered Level 1 of the Lair of Beasts
 10878 | Lair:1   | Noticed a cane toad
 10885 | Lair:1   | Killed a cane toad
 10981 | Lair:1   | Reached XP level 11. HP: 82/87 MP: 19/19
 11291 | Lair:1   | Reached skill level 5 in Conjurations
 11291 | Lair:1   | Reached skill level 5 in Hexes
 11291 | Lair:1   | Reached skill level 5 in Summonings
 11291 | Lair:1   | Reached skill level 5 in Necromancy
 11291 | Lair:1   | Reached skill level 5 in Translocations
 11291 | Lair:1   | Reached skill level 5 in Transmutations
 11291 | Lair:1   | Reached skill level 5 in Fire Magic
 11291 | Lair:1   | Reached skill level 5 in Ice Magic
 11291 | Lair:1   | Reached skill level 5 in Air Magic
 11291 | Lair:1   | Reached skill level 5 in Earth Magic
 11291 | Lair:1   | Reached skill level 5 in Poison Magic
 12098 | Lair:2   | Reached ***** piety under the Shining One
 12815 | Lair:2   | Noticed an oklob plant
 12968 | Lair:2   | Found a staircase to the Snake Pit.
 13012 | Lair:2   | Reached XP level 12. HP: 34/96 MP: 22/22
 13385 | Lair:3   | Noticed Snorg
 13396 | Lair:3   | Killed Snorg
 13535 | Lair:3   | Noticed an eight-headed hydra
 13548 | Lair:3   | Killed an eight-headed hydra
 14370 | Lair:3   | Got a transparent silver ring
 15878 | Lair:2   | Found a staircase to the Shoals.
 16346 | Lair:4   | Reached skill level 10 in Fighting
 16346 | Lair:4   | Reached skill level 10 in Armour
 16346 | Lair:4   | Reached skill level 10 in Shields
 17067 | Temple   | Identified a scroll of acquirement
 17067 | Temple   | Acquired 1200 gold pieces
 17100 | Temple   | Identified the ring of Temptation {rCorr Int+5 Dex+4} (You
                  | found it on level 3 of the Lair of Beasts)
 17181 | D:9      | Found a staircase to the Orcish Mines.
 17213 | D:9      | Found Jaqeelos's Armour Shop.
 17238 | D:9      | Bought a +1 buckler of poison resistance for 216 gold
                  | pieces
 17316 | Snake:1  | Entered Level 1 of the Snake Pit
 18584 | Snake:1  | Reached XP level 13. HP: 91/103 MP: 24/24
 18723 | Snake:1  | Found Jicari's General Store.
 18752 | Snake:1  | Found a transporter.
 18767 | Snake:1  | Identified the cursed +1 long sword of Nouloma {flame, rN+
                  | Str+2}
 18780 | Snake:1  | Noticed Ohiub's ghost (adept DsGl)
 18809 | Snake:1  | Identified the +9 quarterstaff of Chagrin {holy, Fragile
                  | +Rage rN+ MP+9}
 18831 | Snake:1  | HP: 3/103 [poisoned by a naga ritualist]
 18832 | Snake:1  | Succumbed to a naga ritualist's toxic radiance

Illustrated notes

Levels and vault maps discovered:
D:1:      lemuel_arrival_river_ford, layout_basic, serial_glass,
          glass_columns_b, glass_columns_b, minmay_misc_feat_secret_circle
D:2:      layout_basic, uniq_robin, uniq_sigmund
D:3:      minmay_bubble_buster, layout_basic,
          chequers_temple_overflow_minitemple, minivault_5, uniq_jessica,
          uniq_crazy_yiuf_cottage
D:4:      layout_loops_cross, tso_altar, minmay_cupped, uniq_duvessa,
          uniq_natasha, uniq_menkaure
D:5:      layout_loops_corners, serial_bayou, serial_bayou_lake_a,
          serial_bayou_pond_b, serial_bayou_shore_a, serial_bayou_pond_d,
          serial_shops, nicolae_shop_crystal, minmay_misc_feat_room,
          minmay_a_box_with_orc_wizards_in_it
D:6:      layout_basic, minmay_temple_entry_large_hall
D:7:      layout_basic, uniq_joseph
D:8:      layout_basic, lair_entry_dummy, serial_shops, shop, enter_ossuary_5,
          grunt_ministairs_2
D:9:      layout_roguey, orc_david_3, chequers_serial_rivers_large_a,
          grunt_ministairs_11, uniq_harold
Temple:   hc_temple_tempest_star
Lair:1:   layout_roguey, serial_bayou_pond_a, nicolae_lair_grove_arrangements
Lair:2:   layout_cave_pods, minmay_shoals_entry_hut,
          guppyfry_snake_entry_island, beast_lair_carwin_4,
          minmay_lair_oklob_chamber
Lair:3:   wad_woods_04, layout_layer_cave, uniq_snorg
Lair:4:   layout_misc_corridors, grunt_megastairs_3, infiniplex_staircase_pool_2
Snake:1:  layout_grid_shapes, serial_shops, nicolae_shop_waterfront,
          gammafunk_ghost_wrathful_warriors

Skill      XL: |  1  2  3  4  5  6  7  8  9 10 11 12 |
---------------+-------------------------------------+-----
Invocations    | 1 2 3 4 5 6 7 8 |  8.6
Short Blades   | 1 2 3 4 5 6 7 |  7.8
Axes           | 1 2 3 4 5 6 7 |  7.8
Maces & Flails | 1 2 3 4 5 6 7 |  7.8
Polearms       | 1 2 3 4 5 6 7 |  7.8
Staves         | 1 2 3 4 5 6 7 |  7.8
Slings         | 1 2 3 4 5 6 7 |  7.8
Bows           | 1 2 3 4 5 6 7 |  7.8
Crossbows      | 1 2 3 4 5 6 7 |  7.8
Throwing       | 1 2 3 4 5 6 7 |  7.8
Dodging        | 1 2 3 4 5 6 7 |  7.8
Stealth        | 1 2 3 4 5 6 7 |  7.8
Unarmed Combat | 1 2 3 4 5 6 7 |  7.8
Spellcasting   | 1 2 3 4 5 6 7 |  7.8
Conjurations   | 1 2 3 4 5 6 |  6.5
Hexes          | 1 2 3 4 5 6 |  6.5
Summonings     | 1 2 3 4 5 6 |  6.5
Necromancy     | 1 2 3 4 5 6 |  6.5
Translocations | 1 2 3 4 5 6 |  6.5
Transmutations | 1 2 3 4 5 6 |  6.5
Fire Magic     | 1 2 3 4 5 6 |  6.5
Ice Magic      | 1 2 3 4 5 6 |  6.5
Air Magic      | 1 2 3 4 5 6 |  6.5
Earth Magic    | 1 2 3 4 5 6 |  6.5
Poison Magic   | 1 2 3 4 5 6 |  6.5
Evocations     | 1 2 3 4 5 6 7 |  7.8
Long Blades    | 5 6 7 8 9 |  9.1
Fighting       | 7 8 9 10 | 10.2
Armour         | 7 8 9 10 | 10.2
Shields        | 7 8 9 10 | 10.2

Action                   |  1- 3 |  4- 6 |  7- 9 | 10-12 | 13-15 || total
-------------------------+-------+-------+-------+-------+-------++-------
Melee: Long sword        |    77 |    73 |   238 |   104 |       ||   492
       Bite              |     9 |    17 |    91 |    82 |     9 ||   208
       Unarmed           |       |    14 |     1 |       |       ||    15
       Falchion          |       |       |   279 |    17 |       ||   296
       Quarterstaff      |       |       |       |   333 |       ||   333
       Short sword       |       |       |       |   101 |    34 ||   135
Invok: Summon Divine War |       |       |       |       |     1 ||     1
Evoke: Wand              |       |       |       |     2 |       ||     2
  Use: Potion            |     5 |       |       |     5 |     2 ||    12
       Scroll            |       |       |       |    14 |     2 ||    16
Armor: Scale mail        |     4 |       |       |       |       ||     4
       Chain mail        |    20 |    31 |   193 |   200 |    18 ||   462
Dodge: Dodged            |    20 |    15 |   113 |   279 |    25 ||   452
Block: Kite shield       |    39 |    33 |   253 |    22 |       ||   347
       Tower shield      |       |       |       |    77 |       ||    77
       Buckler           |       |       |       |    38 |    14 ||    52
       Rpst.: Long sword |     5 |     4 |    20 |     3 |       ||    32
       Falchion          |       |       |    12 |     2 |       ||    14

Table legend: (Time is in decaauts)
 A = Elapsed time spent in this place.
 B = Non-inter-level travel time spent in this place.
 C = Inter-level travel time spent in this place.
 D = Time resting spent in this place.
 E = Time spent auto-exploring this place.
 F = Levels seen in this place.
 G = Mean time per level.
                   A        B        C        D        E       F      G
               +--------+--------+--------+--------+--------+-----+--------+
         Total |  18959 |  18306 |    653 |   4585 |   9309 |  15 | 1263.9 |
       Dungeon |  11079 |  10675 |    404 |   1407 |   6218 |   9 | 1231.0 |
        Temple |    260 |    256 |      4 |     23 |      0 |   1 |  260.0 |
          Lair |   6768 |   6524 |    244 |   2598 |   3030 |   4 | 1692.0 |
     Snake Pit |    851 |    851 |      0 |    556 |     61 |   1 |  851.0 |
               +--------+--------+--------+--------+--------+-----+--------+

Top non-repeatable levels by time:
  Lair:2: 2658 daAuts
  Lair:3: 2020 daAuts
     D:3: 1921 daAuts
     D:1: 1643 daAuts
  Lair:1: 1467 daAuts
     D:2: 1444 daAuts
     D:6: 1432 daAuts
     D:4: 1238 daAuts
     D:5: 1163 daAuts
     D:7: 1159 daAuts
     D:8: 963 daAuts
 Snake:1: 851 daAuts
  Lair:4: 622 daAuts
  Temple: 260 daAuts
     D:9: 113 daAuts
